 Dungeon Crawl Stone Soup version 0.31-a0-626-g8143ab4f1d (webtiles) character file.

Game seed: 17915592419426994075

635777 Ofeo the Pulveriser (level 27, -15/237 (238) HPs)
             Began as a Gnoll Wanderer on Aug 20, 2023.
             Was a High Priest of Ashenzari.
             Killed from afar by an ancient lich (56 damage)
             ... with a crystal spear
             ... on level 4 of the Realm of Zot on Aug 24, 2023.
             The game lasted 03:14:49 (87994 turns).

Ofeo the Pulveriser (Gnoll Wanderer)               Turns: 87994, Time: 03:14:49

HP:   -15/237 (238) AC: 41    Str: 11    XL:     27
MP:   39/51         EV: 29    Int: 14    God:    Ashenzari [*****.]
Gold: 5301          SH: 33    Dex: 29    Spells: 4/74 levels left

rFire   + + .        p - +9 demon blade "Per Aspera Ad Scientiam" {flame, Fort, Comp} (curse)
rCold   + . .        X - +7 tower shield "Oscillating Fan" {Str+2 Int+4, Cun, Alch} (curse)
rNeg    + + .        J - +6 ice dragon scales of Ashenzari's Planets {rF- rC++, Cun, Dev} (curse)
rPois   +            K - +2 helmet of Ashenzari's Adversity {Int+3, Elem, Dev} (curse)
rElec   +            z - +2 cloak "I Foresaw This" {rPois, Self, Cun} (curse)
rCorr   .            T - +3 pair of gauntlets of War {Slay+5}
SInv    +            Q - +3 pair of seven-league boots {Rampage+∞, Self, Alch} (curse)
Will    ++...        Y - amulet "Per Aspera Ad Scientiam" {RegenMP rF+++ rC-, Self, Comp} (curse)
Stlth   +++++++      S - ring "Chained Ordeal" {EV+5, Dev, Melee} (curse)
HPRegen 0.59/turn    C - ring of Supernal Wisdom {Wiz Drain rElec rN++, Dev, Self} (curse)
MPRegen 0.72/turn

%: clarity, rampage+∞, wizardry (x1)
@: brilliant, studying Staves, lightly drained
A: fangs 1, strong nose, distributed training, clarity, dopey 1, weak 1, subdued
magic 1
}: 4/15 runes: decaying, serpentine, slimy, silver
a: Renounce Religion, Shatter the Chains


You were on level 4 of the Realm of Zot.
You worshipped Ashenzari.
Ashenzari was extremely pleased with you.
You visited 12 branches of the dungeon, and saw 56 of its levels.
You visited the Abyss 1 time.
You also visited: Trove, Bailey, Gauntlet and Ice Cave.

You collected 9326 gold pieces.
You spent 4025 gold pieces at shops.

Inventory:

Hand Weapons
 p - the cursed +9 demon blade "Per Aspera Ad Scientiam" (weapon) {flame, Fort, Comp}
   (You took it off a hell knight on level 3 of the Depths)

   It has a curse which improves the following skills: Fortitude: Armour and
   Shields.
   Companions: Summonings and Necromancy.
Missiles
 i - 29 curare-tipped darts
 A - 7 throwing nets
Armour
 y - the +1 cloak of Privacy {Contam Str+3 Dex+3}
   (You found it on level 3 of the Elven Halls)

   Str+3:     It affects your strength (+3).
   Dex+3:     It affects your dexterity (+3).
   Contam:    It causes magical contamination when unequipped.
 z - the cursed +2 cloak "I Foresaw This" (worn) {rPois, Self, Cun}
   (You took it off Maurice on level 8 of the Dungeon)

   It has a curse which improves the following skills: Introspection: Fighting
   and Spellcasting.
   Cunning:   Dodging and Stealth.
 J - the cursed +6 ice dragon scales of Ashenzari's Planets (worn) {rF- rC++, Cun, Dev}
   (You found it on level 1 of the Depths)

   rF-:       It makes you vulnerable to fire.
   rC++:      It greatly protects you from cold.
   It has a curse which improves the following skills: Cunning: Dodging and
   Stealth.
   Devices:   Evocations and Shapeshifting.
 K - the cursed +2 helmet of Ashenzari's Adversity (worn) {Int+3, Elem, Dev}
   (You found it on level 5 of the Pits of Slime)

   It has a curse which improves the following skills: Elements: Fire Magic, Ice
   Magic, Air Magic and Earth Magic.
   Devices:   Evocations and Shapeshifting.
 Q - the cursed +3 pair of seven-league boots (worn) {Rampage+∞, Self, Alch}
   (You found it on level 3 of the Realm of Zot)

   Rampage+∞: When moving toward enemies, its wearer moves as far as possible,
   alerting their target en route.
   It has a curse which improves the following skills: Introspection: Fighting
   and Spellcasting.
   Alchemy:   Poison Magic and Transmutations.
 T - the +3 pair of gauntlets of War (worn) {Slay+5}
   (You found it on level 4 of the Realm of Zot)

   Slay+5:    It affects your accuracy & damage with ranged weapons and melee
   (+5).
 X - the cursed +7 tower shield "Oscillating Fan" (worn) {Str+2 Int+4, Cun, Alch}
   (You found it on level 3 of the Elven Halls)

   Str+2:     It affects your strength (+2).
   Int+4:     It affects your intelligence (+4).
   It has a curse which improves the following skills: Cunning: Dodging and
   Stealth.
   Alchemy:   Poison Magic and Transmutations.
Magical Staves
 b - the staff of the Spider Nest {Fly rF+ Fire}
   (You found it on level 3 of the Elven Halls)

   [staff of fire]

   Base accuracy: +5 Base damage: 5 Base attack delay: 1.2 This weapon's minimum
   attack delay (0.6) is reached at skill level 12.
   rF+:       It protects you from fire.
   Fly:       It grants you flight.
   Fire:      It increases the power of your Fire spells.
   It falls into the 'Staves' category.
   It is a one-handed weapon.
Jewellery
 g - a ring of ice
 C - the cursed ring of Supernal Wisdom (right hand) {Wiz Drain rElec rN++, Dev, Self}
   (You found it in a Gauntlet)

   [ring of wizardry]

   Wiz:       It improves your spell success rate.
   rElec:     It insulates you from electricity.
   rN++:      It greatly protects you from negative energy.
   Drain:     It drains your maximum health when unequipped.
   It has a curse which improves the following skills: Devices: Evocations and
   Shapeshifting.
   Introspection: Fighting and Spellcasting.
 F - the amulet of Zuorriet {Reflect Will+++ rCorr Dex-3 SH+5}
   (You bought it in a shop on level 1 of the Snake Pit)

   [amulet of reflection]

   Reflect:   It reflects blocked missile attacks.
   Dex-3:     It affects your dexterity (-3).
   Will+++:   It greatly increases your willpower.
   rCorr:     It protects you from acid and corrosion.
   SH+5:      It affects your SH (+5).
 S - the cursed ring "Chained Ordeal" (left hand) {EV+5, Dev, Melee}
   (You found it on level 10 of the Dungeon)

   [ring of evasion]

   EV+5:      It affects your evasion (+5).
   It has a curse which improves the following skills: Devices: Evocations and
   Shapeshifting.
   Melee Combat: Short Blades, Long Blades, Axes, Maces & Flails, Polearms,
   Staves and Unarmed Combat.
 Y - the cursed amulet "Per Aspera Ad Scientiam" (around neck) {RegenMP rF+++ rC-, Self, Comp}
   (You took it off a deep elf high priest on level 3 of the Elven Halls)

   [amulet of magic regeneration]

   RegenMP:   It increases your rate of magic regeneration.
   rF+++:     It renders you almost immune to fire.
   rC-:       It makes you vulnerable to cold.
   It has a curse which improves the following skills: Introspection: Fighting
   and Spellcasting.
   Companions: Summonings and Necromancy.
Wands
 k - a wand of light (16)
 w - a wand of flame (62)
 O - a wand of iceblast (9) {@v4}
 U - a wand of paralysis (25)
 W - a wand of mindburst (49)
 Z - a wand of digging (33) {@v1}
Scrolls
 c - 6 scrolls of blinking {@r4}
 d - 9 scrolls of revelation
 j - 12 scrolls of fear
 u - 3 scrolls of enchant weapon
 v - 16 scrolls of teleportation {@r3}
 D - 3 scrolls of vulnerability
 E - 8 scrolls of fog
 H - 3 scrolls of immolation
 L - 12 scrolls of amnesia
 P - 10 scrolls of poison
Potions
 a - 6 potions of ambrosia
 e - 3 potions of enlightenment
 h - a potion of heal wounds {@q2}
 l - 9 potions of lignification
 m - 9 potions of might {@q4}
 o - 3 potions of cancellation
 q - 18 potions of curing {@q1}
 r - a potion of resistance {@q6}
 s - 7 potions of haste {@q3}
 B - 8 potions of mutation
 G - 4 potions of brilliance
 I - 6 potions of invisibility
 M - 8 potions of attraction
 N - 2 potions of magic
 R - a potion of berserk rage
Miscellaneous
 f - a lightning rod (4/4)
 t - a sack of spiders
 x - a phial of floods


   Skills:
 + Level 19.3(24.0) Fighting
 + Level 18.8(20.7) Short Blades
 + Level 18.8(20.7) Long Blades
 + Level 18.8(20.7) Axes
 + Level 18.8(20.7) Maces & Flails
 + Level 18.8(20.7) Polearms
 + Level 24.3(26.1) Staves
 + Level 18.8 Ranged Weapons
 + Level 19.0 Throwing
 + Level 19.0(20.9) Armour
 + Level 18.8(22.7) Dodging
 + Level 18.9(22.8) Stealth
 + Level 18.8(20.7) Shields
 + Level 18.8(20.7) Unarmed Combat
 + Level 19.4(24.1) Spellcasting
 + Level 16.0 Conjurations
 + Level 16.0 Hexes
 + Level 16.0(19.1) Summonings
 + Level 16.0(19.1) Necromancy
 + Level 16.0 Translocations
 + Level 16.4(19.4) Transmutations
 + Level 16.0(18.0) Fire Magic
 + Level 16.0(18.0) Ice Magic
 + Level 16.0(18.0) Air Magic
 + Level 16.0(18.0) Earth Magic
 + Level 16.0(19.1) Poison Magic
 + Level 20.3 Invocations
 + Level 18.8(23.5) Evocations
 + Level 17.4(22.2) Shapeshifting


You had 4 spell levels left.
You knew the following spells:

 Your Spells              Type           Power      Damage    Failure   Level
a - Sting                 Tmut/Pois      100%       1d8       0%          1
b - Frozen Ramparts       Ice            100%       1d16      0%          3
c - Passwall              Tmut/Erth      57%        N/A       0%          2
d - Tukima's Dance        Hex            64%        N/A       1%          3
e - Olgreb's Toxic Radia  Pois           69%        N/A       1%          4
f - Summon Lightning Spi  Summ/Air       68%        N/A       1%          4
g - Ozocubu's Armour      Ice            67%        N/A       0%          3
h - Yara's Violent Unrav  Hex/Tmut       33%        3d14      1%          5
i - Borgnjor's Vile Clut  Necr/Erth      34%        N/A       1%          5
j - Vhi's Electric Charg  Tloc/Air       100%       N/A       1%          3
k - Enfeeble              Hex            32%        N/A       8%          7
l - Fireball              Conj/Fire      32%        3d14      1%          5
m - Wereblood             Tmut           70%        N/A       0%          2
n - Manifold Assault      Tloc           64%        N/A       1%          4
o - Freezing Cloud        Conj/Ice/Air   33%        6-21      1%          5
p - Summon Hydra          Summ           34%        N/A       1%          7
q - Ozocubu's Refrigerat  Ice            33%        4d14      3%          7

Your spell library contained the following spells:

 Spells                   Type           Power      Damage    Failure   Level
 Apportation              Tloc           100%       N/A       0%          1
 Foxfire                  Conj/Fire      100%       2x1d9     0%          1
 Freeze                   Ice            100%       1d10      0%          1
 Kiss of Death            Conj/Necr      100%       2d13      0%          1
 Magic Dart               Conj           100%       1d8       0%          1
 Necrotise                Necr           100%       1d9       0%          1
 Sandblast                Erth           100%       2d20      0%          1
 Shock                    Conj/Air       100%       1d9       0%          1
 Summon Small Mammal      Summ           100%       N/A       0%          1
 Blink                    Tloc           100%       N/A       0%          2
 Call Imp                 Summ           100%       N/A       0%          2
 Cigotuvi's Dreadful Rot  Necr/Pois/Air  100%       N/A       0%          2
 Ensorcelled Hibernation  Hex/Ice        100%       N/A       0%          2
 Momentum Strike          Conj/Tloc      100%       3d10      0%          2
 Poisonous Vapours        Pois/Air       100%       N/A       0%          2
 Scorch                   Fire           100%       2d9       0%          2
 Searing Ray              Conj           100%       2d8       0%          2
 Static Discharge         Conj/Air       100%       2-7/arc   0%          2
 Sublimation of Blood     Necr           69%        N/A       0%          2
 Ignite Poison            Fire/Tmut/Pois 69%        N/A       0%          3
 Mephitic Cloud           Conj/Pois/Air  67%        N/A       0%          3
 Swiftness                Air            67%        N/A       0%          3
 Gell's Gravitas          Tloc           64%        N/A       1%          3
 Hailstorm                Conj/Ice       65%        3d14      1%          3
 Inner Flame              Hex/Fire       65%        N/A       1%          3
 Portal Projectile        Hex/Tloc       100%       N/A       1%          3
 Stone Arrow              Conj/Erth      100%       3d13      1%          3
 Teleport Other           Tloc           64%        N/A       1%          3
 Volatile Blastmotes      Fire/Tloc      100%       2d18      1%          3
 Airstrike                Air            33%        2d(5-21)  1%          4
 Anguish                  Hex/Necr       33%        N/A       1%          4
 Animate Armour           Summ/Erth      100%       N/A       1%          4
 Animate Dead             Necr           69%        N/A       1%          4
 Cause Fear               Hex            32%        N/A       1%          4
 Dispel Undead            Necr           69%        3d23      1%          4
 Flame Wave               Conj/Fire      65%        2d15      1%          4
 Fulminant Prism          Conj/Hex       32%        3d16      1%          4
 Iskenderun's Mystic Bla  Conj/Tloc      64%        2d13      1%          4
 Leda's Liquefaction      Hex/Erth       32%        N/A       1%          4
 Passage of Golubria      Tloc           64%        N/A       1%          4
 Petrify                  Tmut/Erth      69%        N/A       1%          4
 Sticky Flame             Conj/Fire      65%        2d8       1%          4
 Agony                    Necr           69%        N/A       1%          5
 Arcjolt                  Conj/Air       32%        1d42      1%          5
 Irradiate                Conj/Tmut      33%        3d22      1%          5
 Iskenderun's Battlesphe  Conj           64%        2d11      1%          5
 Metabolic Englaciation   Hex/Ice        32%        N/A       1%          5
 Summon Forest            Summ/Tloc      33%        N/A       1%          5
 Conjure Ball Lightning   Conj/Air       32%        3x3d10    1%          6
 Death Channel            Necr           34%        N/A       1%          6
 Dispersal                Tloc           32%        N/A       1%          6
 Eringya's Noxious Bog    Tmut/Pois      34%        4d6       1%          6
 Leda's Unmaking          Conj/Erth      32%        9d6       1%          6
 Simulacrum               Ice/Necr       34%        N/A       1%          6
 Summon Cactus Giant      Summ           34%        N/A       1%          6
 Spellforged Servitor     Conj/Summ      33%        N/A       4%          7
 Borgnjor's Revivificati  Necr           34%        N/A       17%         8
 Infestation              Necr           34%        N/A       17%         8
 Summon Horrible Things   Summ           34%        N/A       17%         8
 Maxwell's Capacitive Co  Air            33%        ∞         26%         8
 Lehudib's Crystal Spear  Conj/Erth      32%        10d8      38%         8
 Death's Door             Necr           34%        N/A       94%         9
 Dragon's Call            Summ           34%        N/A       94%         9
 Polar Vortex             Ice            33%        12d4*     98%         9
 Chain Lightning          Conj/Air       32%        3d43      99%         9


Dungeon Overview and Level Annotations

Branches:
Dungeon (15/15)            Temple (1/1) D:4            Lair (5/5) D:8
  Swamp (4/4) Lair:2        Snake (4/4) Lair:3        Slime (5/5) Lair:5
    Orc (2/2) D:12            Elf (3/3) Orc:2        Vaults (5/5) D:14
  Crypt (3/3) Vaults:3       Tomb (0/3) Crypt:3      Depths (4/4) D:15
    Zot (5/5) Depths:4     Bailey (visited)           IceCv (visited)
Gauntlet (visited)

Altars:
Ashenzari
Cheibriados
Dithmenos
Elyvilon
Fedhas
Gozag
Hepliaklqana
Kikubaaqudgha
Makhleb
Nemelex Xobeh
Okawaru
Qazlal
Ru
Sif Muna
Trog
Uskayaw
Vehumet
Wu Jian
Xom
Yredelemnul
Zin
The Shining One
Jiyva
Lugonu

Shops:
D:1 (   D:11 *   Orc:2 *[:=   Elf:3 ?   Snake:1 :=:   Vaults:3 ?   Vaults:5 (
Depths:1 (   Depths:2 ?

Portals:
Hell: Depths:1 Depths:2 Depths:3 Depths:4
Abyss: Depths:2 Depths:3
Pandemonium: Depths:1 Depths:2
Ziggurat: Depths:4

Annotations:
D:3 2 transporters, Grinder; bahustanut's ghost, amateur OpSh
D:4 2 transporters, 1 runed translucent door, Crazy Yiuf; Tollund's ghost, amateur GnWr
D:7 3 runed translucent doors, Pokonic1's ghost, novice DsIE
D:9 1 runed translucent door, randomguy2701's ghost, novice DENe
Lair:4 exclusion: oklob plant
Snake:4 Roxanne
Vaults:1 36 runed doors
Zot:2 1 runed translucent door, Juhipt's ghost, veteran MiBe


Innate Abilities, Weirdness & Mutations

You have very sharp teeth.
Your uncanny sense of smell can sniff out nearby items.
Your experience applies equally to all skills.
You possess an exceptional clarity of mind.
You are dopey. (Int -2)
You are weak. (Str -2)
Your spells are a little easier to cast, but a little less powerful.


Message History

There is a stone staircase leading up, spattered with blood here.
Things that are here:
a +10 club of freezing; a Killer Klown corpse You block the ancient lich's attack.
You climb upwards.
There is a stone staircase leading down here.
You regained 2 mp, and now have 35/51 mp.
You hit the ancient lich but do no damage.
You feel a little less mighty now. You block the ancient lich's attack.
The ancient lich touches you.
* * * LOW HITPOINT WARNING * * *
You partially resist.
You feel drained.
You take 3 damage, and have 39/237 hp.
You slice the ancient lich!! You burn the ancient lich.
You bite the ancient lich, but do no damage.
The ancient lich is moderately damaged.
Your hearing returns.
You block the ancient lich's attack.
You slice the ancient lich!! You burn the ancient lich.
The ancient lich is heavily damaged.
You block the ancient lich's attack.
You slice the ancient lich!! You burn the ancient lich.
The ancient lich is almost destroyed.
The ancient lich touches you but does no damage.
You hit the ancient lich but do no damage.
The ancient lich is severely damaged.
The ancient lich completely misses you.
You hit the ancient lich but do no damage.
The ancient lich is severely damaged.
The ancient lich touches you but does no damage.
You closely miss the ancient lich.
You bite the ancient lich, but do no damage.
The ancient lich is severely damaged.
You block the ancient lich's attack.
You closely miss the ancient lich. Your bite misses the ancient lich.
The ancient lich is severely damaged.
You are no longer corroded.
The ancient lich casts a spell at you. The crystal spear hits you!!!
You die...

.####.#.####
...........#
§..........#
...........#
§..........#
...........##########
....................#
...........########.#
...............L@##.#
.####.###.........#.#
.####.###.###.###.#.#
.#........#.....#.#.#
.#.##.#...#.....#.#.#
.#.##.#...........#.#
.#....#...#..>..#.#.#
.########.#.....#.#.#
.########.###.###...#


You could see an ancient lich (fast, invisible).

Vanquished Creatures
  the Royal Jelly (Slime:5)
  3 ancient liches
  2 dread liches (Vaults:5)
  Mara (Vaults:4)
  2 orbs of fire (Zot:5)
  3 juggernauts
  2 Killer Klowns (Zot:5)
  Parghit (Zot:3)
  Bai Suzhen (Crypt:3)
  Saint Roka (Vaults:1)
  Vashnia (Snake:4)
  4 caustic shrikes (Depths:4)
  8 golden dragons
  A bone dragon (Vaults:3)
  The ghost of Goociwk the Warrior, an adept GrFi of Cheibriados (Crypt:2)
  2 electric golems (Zot:3)
  10 tentacled monstrosities
  Asterion (Elf:1)
  13 Orb Guardians (Zot:5)
  3 liches
  5 titans
  A sphinx (shapeshifter) (Vaults:5)
  2 walking divine tomes (Depths:2)
  4 sphinxes
  14 acid blobs
  2 deep elf master archers (Elf:3)
  3 deep elf blademasters
  4 quicksilver dragons
  Frances (D:13)
  2 ancient champions (Crypt:1)
  5 death cobs
  9 tengu reavers
  5 shadow dragons
  Aizul (Snake:3)
  3 thorn hunters
  Donald (Orc:2)
  Kirke (D:15)
  8 storm dragons
  6 draconian monks
  4 nagarajas
  6 draconian knights
  8 rockslimes
  2 revenants (Crypt:2)
  12 azure jellies
  An iron dragon (Depths:2)
  5 fire giants
  6 deep elf sorcerers
  14 vault wardens
  3 draconian scorchers
  14 frost giants
  2 ghost moths
  4 curse skulls
  3 deep elf elementalists (Elf:3)
  3 draconian shifters
  3 draconian stormcallers (Zot:4)
  3 orc warlords
  9 draconian annihilators
  A ghost moth (shapeshifter) (Vaults:5)
  19 very ugly things
  A juggernaut skeleton (Crypt:3)
  8 formless jellyfish
  5 reapers
  17 ironbound preservers
  6 ironbound thunderhulks
  5 war gargoyles
  9 green draconians
  9 quicksilver oozes
  12 stone giants
  12 dire elephants
  7 vampire knights
  8 deep elf annihilators
  An eleionoma (Swamp:3)
  5 bunyips
  8 black draconians
  A minotaur (Gauntlet)
  7 white draconians
  8 red draconians
  7 deep elf demonologists
  11 purple draconians
  9 spark wasps
  6 yellow draconians
  9 deep elf death magi
  A mummy priest (Crypt:3)
  13 ettins
  10 fire dragons
  A quicksilver dragon zombie (Crypt:3)
  11 eidola
  11 jiangshi
  3 deep elf high priests
  2 entropy weavers
  15 yaktaur captains
  A shambling mangrove (Swamp:1)
  An entropy weaver (shapeshifter) (D:14)
  A spriggan zombie (Crypt:3)
  28 vault guards
  4 rakshasas
  4 ice dragons
  2 quicksilver dragon skeletons (Crypt:3)
  24 hydras
  5 ogre magi
  A fenstrider witch zombie (Crypt:2)
  2 hell beasts (Depths:2)
  10 great orbs of eyes
  3 spriggan air magi
  10 anacondas
  4 salamander tyrants
  Erica (D:9)
  A peacekeeper (Vaults:3)
  5 boulder beetles
  3 spriggan skeletons (Crypt:3)
  9 alligators
  3 catoblepae
  2 ghost crabs
  9 ironbound frosthearts
  2 centaur warriors (D:13)
  8 vampire magi
  12 two-headed ogres
  4 death yaks (Lair:4)
  5 deep troll shamans
  27 naga warriors
  A sphinx skeleton (Vaults:2)
  3 death knights
  5 deep troll earth magi
  3 orc high priests
  8 tengu warriors
  A hell hog (Gauntlet)
  23 dancing weapons
  12 hell knights
  20 naga sharpshooters
  5 shock serpents
  Sonja (Lair:4)
  5 spriggan berserkers
  4 soul eaters (Crypt:3)
  18 deep elf knights
  2 fire crabs (Lair:5)
  A skyshark (Lair:5)
  3 titan zombies
  7 goliath frogs
  2 skysharks (shapeshifter)
  3 shadow wraiths
  A titan skeleton (Crypt:3)
  A golden dragon zombie (Crypt:3)
  3 skeletal warriors (Crypt:2)
  5 iron trolls
  9 bog bodies
  5 salamander mystics
  50 deep trolls
  2 flayed ghosts
  10 deep elf archers
  2 anaconda zombies (Crypt:3)
  6 spriggan druids
  9 naga ritualists
  12 swamp dragons
  2 glowing orange brains
  14 wizards
  15 ironbound convokers
  Pikel (D:7)
  A shadow dragon zombie (Crypt:3)
  12 orc knights
  37 ugly things
  13 lindwurms
  24 necromancers
  9 mana vipers
  27 deep elf pyromancers
  30 deep elf zephyrmancers
  A salamander (shapeshifter) (Elf:2)
  4 cyclopes
  22 phantasmal warriors
  2 stone giant zombies
  A jorogumo zombie (Crypt:2)
  A shining eye (shapeshifter) (D:14)
  3 shining eyes
  5 manticores
  4 orc sorcerers
  4 will-o-the-wisps
  An oklob plant (Lair:5)
  3 wolf spiders (Crypt:3)
  30 salamanders
  17 moths of wrath
  11 elephants
  A shock serpent zombie (Crypt:1)
  Maurice (D:8)
  3 ice statues (IceCv)
  38 black mambas
  11 guardian serpents
  5 cane toads
  Joseph (D:10)
  21 naga magi
  A dire elephant zombie (Crypt:3)
  A naga skeleton (Crypt:3)
  4 molten gargoyles (D:13)
  5 torpor snails (Lair:5)
  Maggie (Lair:1)
  A cane toad (shapeshifter) (D:14)
  2 rime drakes
  24 vault sentinels
  3 eyes of devastation (Slime:5)
  A centaur zombie (Crypt:3)
  2 unseen horrors
  A komodo dragon (shapeshifter) (Vaults:5)
  A minotaur zombie (Gauntlet)
  10 freezing wraiths
  A rime drake (shapeshifter) (D:14)
  A swamp worm zombie (Crypt:2)
  A catoblepas zombie (Crypt:1)
  18 yaktaurs
  A kobold demonologist (D:10)
  8 komodo dragons
  A hydra zombie (Crypt:3)
  An efreet (D:13)
  A human zombie (Vaults:2)
  4 tengu conjurers
  2 guardian mummies (Crypt:3)
  10 polar bears
  20 tyrant leeches
  A harpy skeleton (Crypt:3)
  A meliai (shapeshifter) (Vaults:5)
  12 trolls
  20 hornets
  3 meliai (D:15)
  13 hellwings (Crypt:3)
  A fire dragon zombie (Crypt:3)
  3 raiju
  12 blink frogs
  A dream sheep (Lair:5)
  A culicivora zombie (Crypt:2)
  A snapping turtle (shapeshifter) (Vaults:5)
  2 ettin skeletons (Crypt:3)
  5 air elementals
  An ettin zombie (Crypt:3)
  A human simulacrum (Vaults:2)
  An ice dragon skeleton (Crypt:1)
  14 spriggans
  A jumping spider (shapeshifter) (D:14)
  5 jumping spiders (Crypt:3)
  63 slime creatures
  2 shadows
  A fire dragon skeleton (Crypt:1)
  14 wraiths
  An ushabti (Crypt:3)
  4 fire bats (Gauntlet)
  6 wyverns
  2 water elementals
  Grum (D:9)
  A vampire (D:12)
  A human (shapeshifter) (D:13)
  A basilisk (Lair:5)
  Eustachio (D:4)
  A dire elephant simulacrum (IceCv)
  41 yaks
  6 hogs (D:15)
  3 golden eyes (Slime:4)
  A fire elemental (Elf:1)
  12 vampire mosquitoes
  A steam dragon (Gauntlet)
  A redback (shapeshifter) (Vaults:5)
  4 redbacks
  Menkaure (D:7)
  3 harpy simulacra (IceCv)
  Edmund (D:4)
  9 wargs
  48 nagas
  11 swamp worms
  15 water moccasins
  An acid dragon (D:8)
  2 floating eyes
  15 hell hounds
  5 swamp drakes (Swamp:4)
  A dream sheep zombie (Crypt:1)
  13 black bears
  2 ice beasts
  2 swamp dragon zombies (Crypt:3)
  33 orc warriors
  3 sky beasts
  28 ogres
  7 centaurs
  27 wolves
  3 lemures (D:7)
  A manticore skeleton (Crypt:2)
  A phantom (D:5)
  A hog skeleton (Crypt:2)
  8 bullfrogs
  2 gnoll sergeants
  2 kobold brigands
  2 earth elementals
  5 scorpions
  10 wyvern skeletons (Crypt:3)
  15 killer bees
  4 elephant simulacra (IceCv)
  An electric eel (Lair:2)
  A yak skeleton (Crypt:1)
  A howler monkey (D:9)
  2 hounds
  22 orc priests
  3 iguanas
  A sleepcap (D:6)
  15 orc wizards
  A polar bear simulacrum (IceCv)
  8 gnolls
  3 adders
  A howler monkey skeleton (Crypt:2)
  A white imp (D:12)
  3 ufetubi
  2 adder zombies (D:3)
  An iguana skeleton (Crypt:2)
  3 worms
  83 orcs
  5 ball pythons
  9 endoplasms
  7 giant cockroaches
  13 goblins
  3 hobgoblins
  4 jackals (D:1)
  2 quokkas (D:1)
  A ball python skeleton (Crypt:1)
  A ball python zombie (D:3)
  5 bats
  4 frilled lizards
  A hobgoblin skeleton (Crypt:1)
  A jackal zombie (D:3)
  24 kobolds
  5 rats
2217 creatures vanquished.

Vanquished Creatures (collateral kills)
  Jory (Vaults:3)
  A titan (Vaults:5)
  2 fire giants (Vaults:5)
  An ironbound preserver (Vaults:5)
  A red draconian (Zot:4)
  Harold (D:9)
  A tengu warrior (D:13)
  A naga sharpshooter (Snake:4)
  A salamander (Depths:3)
  A moth of wrath (Zot:1)
  A black mamba (Lair:5)
  A troll (D:13)
  2 orcs (Vaults:1)
15 creatures vanquished.

Vanquished Creatures (others)
  A nagaraja (Snake:4)
  A fire giant (Vaults:5)
  A war gargoyle (Vaults:5)
  An ettin (Depths:2)
  A peacekeeper (Vaults:2)
  A deep elf knight (Elf:2)
  A deep elf zephyrmancer (Elf:1)
  An elephant (Lair:5)
  A salamander (Snake:2)
  3 bloated husks
  A dancing weapon (Vaults:1)
  A naga (Snake:4)
  2 vampire mosquitoes (Swamp:4)
  An orc (Orc:2)
  25 foxfires
42 creatures vanquished.

Grand Total: 2274 creatures vanquished

Notes
Turn   | Place    | Note
-------+----------+-------------------------------------------
     0 | D:1      | Ofeo the Gnoll Wanderer began the quest for the Orb.
     0 | D:1      | Ofeo set off with the following items: a +0 quarterstaff, a
                  | +0 cloak, a scroll of blinking {@r4}, a +0 robe; and the
                  | following spell memorised: Sting; and the following spells
                  | available to memorise: Passwall, Petrify.
     0 | D:1      | Reached XP level 1. HP: 20/20 MP: 6/6
   204 | D:1      | Reached XP level 2. HP: 24/26 MP: 4/7
   276 | D:1      | Found Pusor's Weapon Emporium.
   505 | D:1      | Reached skill level 5 in Spellcasting
   505 | D:1      | Reached XP level 3. HP: 31/31 MP: 3/9
  1104 | D:1      | Reached skill level 1 in Invocations
  1614 | D:2      | Found a basalt altar of Yredelemnul.
  1666 | D:2      | Reached skill level 1 in Short Blades
  1666 | D:2      | Reached skill level 1 in Long Blades
  1666 | D:2      | Reached skill level 1 in Axes
  1666 | D:2      | Reached skill level 1 in Maces & Flails
  1666 | D:2      | Reached skill level 1 in Polearms
  1666 | D:2      | Reached skill level 1 in Ranged Weapons
  1666 | D:2      | Reached skill level 1 in Dodging
  1666 | D:2      | Reached skill level 1 in Shields
  1666 | D:2      | Reached skill level 1 in Unarmed Combat
  1666 | D:2      | Reached skill level 1 in Evocations
  2240 | D:3      | Found a radiant altar of Vehumet.
  2317 | D:3      | Reached XP level 4. HP: 29/38 MP: 6/11
  2323 | D:3      | HP: 1/38 [orc priest/+0 hand axe (3)]
  2326 | D:3      | Reached skill level 1 in Conjurations
  2326 | D:3      | Reached skill level 1 in Hexes
  2326 | D:3      | Reached skill level 1 in Summonings
  2326 | D:3      | Reached skill level 1 in Necromancy
  2326 | D:3      | Reached skill level 1 in Translocations
  2326 | D:3      | Reached skill level 1 in Fire Magic
  2326 | D:3      | Reached skill level 1 in Ice Magic
  2326 | D:3      | Reached skill level 1 in Air Magic
  2326 | D:3      | Reached skill level 1 in Earth Magic
  2326 | D:3      | Reached skill level 1 in Poison Magic
  2326 | D:3      | Reached skill level 1 in Shapeshifting
  2768 | D:3      | Noticed an ogre
  2950 | D:3      | Reached XP level 5. HP: 42/43 MP: 8/12
  2962 | D:3      | Reached skill level 3 in Staves
  3012 | D:3      | Found a basalt altar of Yredelemnul.
  3088 | D:3      | Learned a level 3 spell: Frozen Ramparts
  3091 | D:3      | Learned a level 2 spell: Passwall
  3148 | D:3      | Noticed bahustanut's ghost (amateur OpSh)
  3183 | D:3      | Found a transporter.
  3196 | D:3      | Found a transporter.
  3580 | D:3      | Noticed Grinder
  3699 | D:3      | Paralysed by Grinder for 4 turns
  3783 | D:4      | Noticed a kobold brigand
  3783 | D:4      | Noticed Tollund's ghost (amateur GnWr)
  3858 | D:4      | Noticed a black bear
  3866 | D:4      | Noticed Eustachio
  3871 | D:4      | Killed a black bear
  3872 | D:4      | Reached skill level 5 in Fighting
  3872 | D:4      | Reached XP level 6. HP: 36/51 MP: 10/14
  4019 | D:4      | Found a staircase to the Ecumenical Temple.
  4102 | D:4      | Killed Eustachio
  4241 | D:4      | Reached XP level 7. HP: 56/56 MP: 15/15
  4252 | D:4      | Found an iron altar of Okawaru.
  4329 | D:4      | Found a transporter.
  4374 | D:4      | Found a transporter.
  4773 | D:4      | Noticed Edmund
  4787 | D:4      | Killed Edmund
  5016 | D:4      | Found a runed translucent door.
  5017 | D:4      | Noticed Crazy Yiuf
  5058 | D:5      | Entered Level 5 of the Dungeon
  5063 | D:5      | Identified the +9 spear "Baugid" {drain, Fragile rN++
                  | Dex+5}
  5175 | D:5      | Reached XP level 8. HP: 54/63 MP: 16/16
  5213 | D:5      | Reached skill level 4 in Staves
  5832 | Temple   | Entered the Ecumenical Temple
  5833 | Temple   | Upgraded the game from 0.31-a0-596-g831eee08f1 to
                  | 0.31-a0-609-g7bf6ffcfed
  5843 | Temple   | Became a worshipper of Ashenzari the Shackled
  6041 | D:6      | Found a faded altar of an unknown god.
  6041 | D:6      | Found an ancient bone altar of Kikubaaqudgha.
  6136 | D:6      | Found a burning altar of Makhleb.
  6139 | D:6      | Found a white marble altar of Elyvilon.
  6141 | D:6      | Found a faded altar of an unknown god.
  6229 | D:6      | Noticed a yak
  6230 | D:6      | Noticed a yak
  6230 | D:6      | Noticed a yak
  6251 | D:6      | Killed a yak
  6252 | D:6      | Reached skill level 5 in Transmutations
  6257 | D:6      | Killed a yak
  6258 | D:6      | Reached XP level 9. HP: 57/69 MP: 10/18
  6662 | D:6      | Reached skill level 5 in Staves
  6662 | D:6      | Reached skill level 5 in Throwing
  6662 | D:6      | Reached skill level 5 in Armour
  7004 | D:7      | Noticed Menkaure
  7157 | D:7      | Killed Menkaure
  7158 | D:7      | Reached skill level 5 in Stealth
  7268 | D:7      | Found a glowing golden altar of the Shining One.
  7452 | D:7      | Noticed Pikel
  7461 | D:7      | Killed Pikel
  7462 | D:7      | Reached skill level 5 in Invocations
  7650 | D:7      | Found a runed translucent gate.
  7651 | D:7      | Found a runed translucent gate.
  7652 | D:7      | Found a runed translucent gate.
  7652 | D:7      | Noticed Pokonic1's ghost (novice DsIE)
  7653 | D:7      | Identified the +6 chain mail of Hesiumecs {Dex+3}
  7833 | D:7      | Noticed a troll
  8334 | D:7      | Killed a troll
  8335 | D:7      | Reached skill level 5 in Short Blades
  8335 | D:7      | Reached skill level 5 in Long Blades
  8335 | D:7      | Reached skill level 5 in Axes
  8335 | D:7      | Reached skill level 5 in Maces & Flails
  8335 | D:7      | Reached skill level 5 in Polearms
  8335 | D:7      | Reached skill level 5 in Ranged Weapons
  8335 | D:7      | Reached skill level 5 in Dodging
  8335 | D:7      | Reached skill level 5 in Shields
  8335 | D:7      | Reached skill level 5 in Unarmed Combat
  8335 | D:7      | Reached skill level 5 in Evocations
  8335 | D:7      | Reached XP level 10. HP: 59/77 MP: 16/20
  8565 | D:8      | Noticed Maurice
  8585 | D:8      | Killed Maurice
  8600 | D:8      | Reached * piety under Ashenzari
  8733 | D:8      | Found a staircase to the Lair.
  9967 | D:9      | Learned a level 3 spell: Tukima's Dance
  9968 | D:9      | Found a flagged portal.
  9987 | D:9      | Reached skill level 6 in Staves
 10015 | Bailey   | Entered a bailey
 10051 | Bailey   | Noticed an orc warlord
 10158 | Bailey   | Found a runed translucent gate.
 10158 | Bailey   | Found a runed translucent gate.
 10158 | Bailey   | Found a runed translucent gate.
 10479 | Bailey   | Killed an orc warlord
 10711 | Bailey   | Reached skill level 7 in Staves
 10711 | Bailey   | Reached skill level 5 in Conjurations
 10711 | Bailey   | Reached skill level 5 in Hexes
 10711 | Bailey   | Reached skill level 5 in Summonings
 10711 | Bailey   | Reached skill level 5 in Necromancy
 10711 | Bailey   | Reached skill level 5 in Translocations
 10711 | Bailey   | Reached skill level 5 in Fire Magic
 10711 | Bailey   | Reached skill level 5 in Ice Magic
 10711 | Bailey   | Reached skill level 5 in Air Magic
 10711 | Bailey   | Reached skill level 5 in Earth Magic
 10711 | Bailey   | Reached skill level 5 in Poison Magic
 10711 | Bailey   | Reached skill level 5 in Shapeshifting
 10711 | Bailey   | Reached XP level 11. HP: 89/89 MP: 22/24
 10847 | D:9      | Noticed randomguy2701's ghost (novice DENe)
 10871 | D:9      | Reached ** piety under Ashenzari
 10883 | D:9      | Found a sacrificial altar of Ru.
 10902 | D:9      | Found a runed translucent door.
 11171 | D:9      | Noticed Grum
 11200 | D:9      | Killed Grum
 11342 | D:9      | Noticed a two-headed ogre
 11348 | D:9      | Killed a two-headed ogre
 11349 | D:9      | Reached XP level 12. HP: 69/96 MP: 25/25
 11431 | D:9      | Noticed Erica
 11431 | D:9      | Noticed Harold
 11459 | D:9      | Found a snail-covered altar of Cheibriados.
 11474 | D:9      | Killed Erica
 11633 | D:9      | Killed Harold
 11955 | D:10     | Entered Level 10 of the Dungeon
 12021 | D:10     | Found a sparkling altar of Nemelex Xobeh.
 12029 | D:10     | Noticed Joseph
 12045 | D:10     | Killed Joseph
 12555 | D:10     | Found a shimmering altar of Xom.
 12911 | D:11     | Found Liunwo's Demolitions Depot.
 12912 | D:11     | Reached *** piety under Ashenzari
 13411 | D:11     | Reached skill level 8 in Staves
 14308 | D:11     | Noticed a two-headed ogre
 14324 | D:11     | Killed a two-headed ogre
 14399 | D:12     | Noticed a boulder beetle
 14452 | D:12     | Noticed a boulder beetle
 14527 | D:12     | Found a frozen archway.
 14534 | IceCv    | Entered an ice cave
 14918 | IceCv    | Reached XP level 13. HP: 55/104 MP: 27/27
 14948 | IceCv    | Identified the cursed +2 cloak "I Foresaw This" {rPois,
                  | Self, Cun} (You took it off Maurice on level 8 of the
                  | Dungeon)
 14948 | IceCv    | Identified the cursed +0 pair of gloves "Thunder Perfect
                  | Mind" {Alch, Range} (You found it on level 1 of the
                  | Dungeon)
 14948 | IceCv    | Identified the cursed +1 pair of boots of Ashenzari's
                  | Negligence {Melee, Fort} (You found it on level 3 of the
                  | Dungeon)
 15122 | IceCv    | Identified the +10 scimitar "Wuasetaw" {holy, rN+}
 15123 | IceCv    | Identified the +12 falchion of Icronnuz {freeze, rC+ Int-4
                  | Stlth+}
 15213 | D:12     | Found a staircase to the Orcish Mines.
 15950 | D:12     | Identified the +8 ring mail of Resilience {Int+2 Slay+3
                  | Stlth+}
 16533 | D:12     | Learned a level 4 spell: Olgreb's Toxic Radiance
 16632 | Lair:1   | Entered Level 1 of the Lair of Beasts
 17311 | Lair:1   | Noticed Maggie
 17346 | Lair:1   | Reached skill level 9 in Staves
 17356 | Lair:1   | Killed Maggie
 17357 | Lair:1   | Reached skill level 10 in Spellcasting
 17941 | Lair:2   | Found a staircase to the Swamp.
 18122 | Lair:2   | Identified the +7 war axe "Quz Guuskam" {heavy, rF+ rC++
                  | SInv}
 18892 | Lair:2   | Reached skill level 10 in Fighting
 19741 | Lair:3   | Reached **** piety under Ashenzari
 20236 | Lair:3   | Found a staircase to the Snake Pit.
 20244 | Lair:3   | Reached XP level 14. HP: 113/114 MP: 30/30
 20782 | Lair:4   | Found a gate leading to a gauntlet.
 21006 | Lair:4   | Noticed Sonja
 21007 | Lair:4   | Killed Sonja
 21032 | Lair:4   | Reached skill level 10 in Invocations
 21136 | Gauntlet | Entered a Gauntlet
 21136 | Gauntlet | Found a transporter.
 21136 | Gauntlet | Found a transporter.
 21136 | Gauntlet | Found a transporter.
 21185 | Gauntlet | Found a transporter.
 21216 | Gauntlet | Found a transporter.
 21219 | Gauntlet | Found a transporter.
 21263 | Gauntlet | Found a transporter.
 21266 | Gauntlet | Found a transporter.
 21276 | Gauntlet | Found a transporter.
 21276 | Gauntlet | Identified the ring "Decwalypp" {Wiz Drain rElec rN++}
 21295 | Gauntlet | Found a transporter.
 21296 | Gauntlet | Identified the ring of Roojutah {Fire rN+ rCorr Str+3
                  | Dex-5}
 21297 | Gauntlet | Identified the +6 battleaxe "Gnoll's Peril" {protect, rPois
                  | rCorr}
 21309 | Gauntlet | Found a transporter.
 21312 | Gauntlet | Found a transporter.
 21624 | Gauntlet | Identified the +8 morningstar "Cesojam" {pain, rC+ Str+2}
 22013 | Lair:4   | Reached skill level 10 in Staves
 22167 | Lair:4   | Found a sparkling altar of Nemelex Xobeh.
 22393 | Lair:5   | Entered Level 5 of the Lair of Beasts
 22692 | Lair:5   | Reached skill level 10 in Throwing
 22692 | Lair:5   | Reached skill level 10 in Armour
 22698 | Lair:5   | Noticed a dire elephant
 22871 | Lair:4   | Killed a dire elephant
 22872 | Lair:4   | Reached skill level 10 in Stealth
 23417 | Lair:5   | Reached XP level 15. HP: 82/124 MP: 32/32
 23756 | Lair:5   | Reached skill level 10 in Short Blades
 23756 | Lair:5   | Reached skill level 10 in Long Blades
 23756 | Lair:5   | Reached skill level 10 in Axes
 23756 | Lair:5   | Reached skill level 10 in Maces & Flails
 23756 | Lair:5   | Reached skill level 10 in Polearms
 23756 | Lair:5   | Reached skill level 10 in Ranged Weapons
 23756 | Lair:5   | Reached skill level 10 in Dodging
 23756 | Lair:5   | Reached skill level 10 in Shields
 23756 | Lair:5   | Reached skill level 10 in Unarmed Combat
 23756 | Lair:5   | Reached skill level 10 in Evocations
 23764 | Lair:5   | Reached skill level 11 in Staves
 23928 | Lair:5   | Reached ***** piety under Ashenzari
 24191 | Lair:5   | Found a viscous altar of Jiyva.
 24191 | Lair:5   | Found a staircase to the Slime Pits.
 24284 | Lair:5   | Found a runed translucent door.
 25520 | Orc:1    | Entered Level 1 of the Orcish Mines
 25939 | Orc:2    | Entered Level 2 of the Orcish Mines
 25939 | Orc:2    | Found a staircase to the Elven Halls.
 25942 | Orc:2    | Found Goaxku's General Store.
 25971 | Orc:2    | Reached skill level 12 in Staves
 25975 | Orc:2    | Found Qocithio's Book Emporium.
 26168 | Orc:2    | Found Buterig's Armour Shop.
 26235 | Orc:2    | Found Loutex's Jewellery Boutique.
 26299 | Orc:2    | Noticed Donald
 26313 | Orc:2    | Killed Donald
 26523 | Orc:2    | Reached XP level 16. HP: 133/137 MP: 35/35
 27030 | D:12     | Learned a level 4 spell: Summon Lightning Spire
 27034 | D:12     | Learned a level 3 spell: Ozocubu's Armour
 27310 | D:13     | Noticed Frances
 27321 | D:13     | Gained mutation: You are dopey. (Int -2) [a neqoxec]
 27340 | D:13     | Killed Frances
 27483 | D:13     | Reached skill level 10 in Transmutations
 28852 | D:14     | Found a gate to the Vaults.
 29491 | D:14     | Found an ancient bone altar of Kikubaaqudgha.
 29493 | D:14     | Found an opulent altar of Gozag.
 29493 | D:14     | Found a sacrificial altar of Ru.
 29495 | D:14     | Found an opulent altar of Gozag.
 29495 | D:14     | Found a shimmering altar of Xom.
 29495 | D:14     | Found a sparkling altar of Nemelex Xobeh.
 30160 | D:15     | Entered Level 15 of the Dungeon
 30396 | D:15     | Reached skill level 13 in Staves
 30610 | D:15     | Noticed Kirke
 30658 | D:15     | Killed Kirke
 30658 | D:15     | Identified the cursed +0 helmet "Esoteric Burden" {Dev,
                  | Melee} (You found it on level 12 of the Dungeon)
 30658 | D:15     | Identified the cursed ring "Chained Ordeal" {EV+5, Dev,
                  | Melee} (You found it on level 10 of the Dungeon)
 30658 | D:15     | Identified the cursed ring "Eternal Trepidation" {Int+6,
                  | Melee, Elem} (You found it on level 11 of the Dungeon)
 30674 | D:15     | Found a staircase to the Depths.
 30909 | D:15     | Reached skill level 10 in Shapeshifting
 30909 | D:15     | Upgraded the game from 0.31-a0-609-g7bf6ffcfed to
                  | 0.31-a0-618-g7ca08c1ff9
 31153 | Snake:1  | Entered Level 1 of the Snake Pit
 31848 | Snake:1  | Found Utaisag's Book Shoppe.
 31849 | Snake:1  | Found Edem's Jewellery Shop.
 31850 | Snake:1  | Found Ymooza's Book Shoppe.
 31866 | Snake:1  | Learned a level 5 spell: Yara's Violent Unravelling
 31866 | Snake:1  | Bought a book of Unlife for 360 gold pieces
 31872 | Snake:1  | Learned a level 5 spell: Borgnjor's Vile Clutch
 32780 | Snake:2  | Reached XP level 17. HP: 41/145 MP: 32/37
 32784 | Snake:2  | Identified a scroll of acquirement
 32786 | Snake:2  | HP: 3/145 [naga mage/bolt of poison (22)]
 32794 | Snake:2  | Upgraded the game from 0.31-a0-618-g7ca08c1ff9 to
                  | 0.31-a0-620-gd1cbd99268
 33071 | Snake:2  | Acquired the amulet "Adut" {Regen+ rCorr Int+2}
 33736 | Snake:2  | Reached skill level 14 in Staves
 33741 | Snake:2  | Reached skill level 10 in Conjurations
 33741 | Snake:2  | Reached skill level 10 in Hexes
 33741 | Snake:2  | Reached skill level 10 in Summonings
 33741 | Snake:2  | Reached skill level 10 in Necromancy
 33741 | Snake:2  | Reached skill level 10 in Translocations
 33741 | Snake:2  | Reached skill level 10 in Fire Magic
 33741 | Snake:2  | Reached skill level 10 in Ice Magic
 33741 | Snake:2  | Reached skill level 10 in Air Magic
 33741 | Snake:2  | Reached skill level 10 in Earth Magic
 33741 | Snake:2  | Reached skill level 10 in Poison Magic
 34174 | Snake:2  | Reached ****** piety under Ashenzari
 37297 | Snake:4  | Entered Level 4 of the Snake Pit
 37352 | Snake:4  | Reached XP level 18. HP: 123/156 MP: 39/39
 38081 | Snake:4  | Reached skill level 15 in Staves
 38166 | Snake:4  | Noticed Aizul
 38665 | Snake:3  | Killed Aizul
 39191 | Snake:4  | Noticed Roxanne
 40058 | Snake:4  | Noticed Vashnia
 40656 | Snake:4  | Killed Vashnia
 40737 | Snake:4  | Got a serpentine rune of Zot
 40921 | Swamp:1  | Entered Level 1 of the Swamp
 40921 | Swamp:1  | Noticed a tentacled monstrosity
 40929 | Swamp:1  | Killed a tentacled monstrosity
 42564 | Swamp:2  | Reached XP level 19. HP: 158/164 MP: 41/41
 42983 | Swamp:2  | Reached skill level 16 in Staves
 43990 | Swamp:4  | Entered Level 4 of the Swamp
 45531 | Swamp:4  | Got a decaying rune of Zot
 46148 | Vaults:1 | Entered Level 1 of the Vaults
 46423 | Vaults:1 | Found a huge runed gate.
 46423 | Vaults:1 | Found a huge runed gate.
 46423 | Vaults:1 | Found a huge runed gate.
 46423 | Vaults:1 | Found a huge runed gate.
 46423 | Vaults:1 | Found a huge runed gate.
 46424 | Vaults:1 | Found a huge runed gate.
 46424 | Vaults:1 | Found a huge runed gate.
 46424 | Vaults:1 | Found a huge runed gate.
 46424 | Vaults:1 | Found a huge runed gate.
 46426 | Vaults:1 | Found a huge runed gate.
 46426 | Vaults:1 | Found a huge runed gate.
 46426 | Vaults:1 | Found a huge runed gate.
 46426 | Vaults:1 | Found a huge runed gate.
 46426 | Vaults:1 | Found a huge runed gate.
 46427 | Vaults:1 | Found a huge runed gate.
 46428 | Vaults:1 | Found a huge runed gate.
 46429 | Vaults:1 | Found a huge runed gate.
 46430 | Vaults:1 | Found a huge runed gate.
 46438 | Vaults:1 | Found a huge runed gate.
 46438 | Vaults:1 | Found a huge runed gate.
 46438 | Vaults:1 | Found a huge runed gate.
 46438 | Vaults:1 | Found a huge runed gate.
 46438 | Vaults:1 | Found a huge runed gate.
 46438 | Vaults:1 | Found a huge runed gate.
 46439 | Vaults:1 | Found a huge runed gate.
 46440 | Vaults:1 | Found a huge runed gate.
 46441 | Vaults:1 | Found a huge runed gate.
 46449 | Vaults:1 | Found a huge runed gate.
 46449 | Vaults:1 | Found a huge runed gate.
 46449 | Vaults:1 | Found a huge runed gate.
 46449 | Vaults:1 | Found a huge runed gate.
 46449 | Vaults:1 | Found a huge runed gate.
 46450 | Vaults:1 | Found a huge runed gate.
 46452 | Vaults:1 | Found a huge runed gate.
 46453 | Vaults:1 | Found a huge runed gate.
 46558 | Vaults:1 | Found a huge runed gate.
 46887 | Vaults:1 | Noticed Saint Roka
 46913 | Vaults:1 | Killed Saint Roka
 47833 | Vaults:2 | Reached XP level 20. HP: 171/174 MP: 43/43
 47854 | Vaults:2 | Reached skill level 17 in Staves
 48077 | Vaults:2 | Reached skill level 15 in Invocations
 50974 | Vaults:3 | Reached skill level 15 in Spellcasting
 51008 | Vaults:3 | Noticed a bone dragon
 51147 | Vaults:3 | Killed a bone dragon
 51277 | Vaults:3 | Found a staircase to the Crypt.
 51436 | Vaults:3 | Found Ohoer's Magic Scroll Shop.
 51447 | Vaults:3 | Bought a scroll of acquirement for 676 gold pieces
 51447 | Vaults:3 | Acquired the +1 pair of gloves of Zin's Reproof {+Blink}
 51450 | Vaults:3 | Bought a scroll of fear for 52 gold pieces
 51450 | Vaults:3 | Bought a scroll of fog for 52 gold pieces
 51599 | Vaults:3 | Noticed Jory
 52147 | Vaults:3 | Reached skill level 15 in Fighting
 52287 | Vaults:3 | Reached skill level 18 in Staves
 52304 | Vaults:3 | Reached XP level 21. HP: 182/182 MP: 44/44
 52534 | Vaults:3 | Killed Jory
 53850 | Vaults:4 | Identified the +10 falchion of the Disturbing Quests
                  | {speed, Stlth+}
 53863 | Abyss:3  | Cast into level 3 of the Abyss (a wizard)
 53889 | Vaults:4 | Escaped the Abyss
 54316 | Vaults:4 | Noticed Mara
 54326 | Vaults:4 | Noticed Ofeo's illusion
 54341 | Vaults:4 | Killed Mara
 54903 | Depths:1 | Entered Level 1 of the Depths
 54903 | Depths:1 | Noticed a juggernaut
 54987 | Depths:1 | Found Tudib's Weapon Emporium.
 55108 | Depths:1 | Found a gateway to Hell.
 55175 | Depths:1 | Reached skill level 15 in Throwing
 55175 | Depths:1 | Reached skill level 15 in Armour
 55260 | Depths:1 | Found the +6 shillelagh "Devastator" {shatter}
 55489 | Depths:1 | Reached skill level 15 in Stealth
 55940 | Depths:1 | Found a one-way gate leading to the halls of Pandemonium.
 55977 | Depths:1 | Killed a juggernaut
 56246 | Depths:1 | Reached skill level 15 in Short Blades
 56246 | Depths:1 | Reached skill level 15 in Long Blades
 56246 | Depths:1 | Reached skill level 15 in Axes
 56246 | Depths:1 | Reached skill level 15 in Maces & Flails
 56246 | Depths:1 | Reached skill level 15 in Polearms
 56246 | Depths:1 | Reached skill level 15 in Ranged Weapons
 56246 | Depths:1 | Reached skill level 15 in Dodging
 56246 | Depths:1 | Reached skill level 15 in Shields
 56246 | Depths:1 | Reached skill level 15 in Unarmed Combat
 56246 | Depths:1 | Reached skill level 15 in Evocations
 56716 | Depths:2 | Found Kitybiw's Magic Scroll Shoppe.
 56751 | Depths:2 | Bought a scroll of teleportation for 57 gold pieces
 56751 | Depths:2 | Bought a scroll of blinking for 142 gold pieces
 56751 | Depths:2 | Bought a scroll of teleportation for 57 gold pieces
 56875 | Depths:2 | Reached skill level 19 in Staves
 56880 | Depths:2 | Reached XP level 22. HP: 190/190 MP: 46/46
 57037 | Depths:2 | Found a one-way gate to the infinite horrors of the Abyss.
 57369 | Depths:2 | Noticed a juggernaut
 57394 | Depths:2 | Killed a juggernaut
 57652 | Depths:2 | Found a burning altar of Makhleb.
 57936 | Depths:2 | Identified the +7 morningstar "Miss" {spect, rC+ rN+ Int+5}
 58855 | Depths:3 | Found an iron altar of Okawaru.
 59084 | Depths:3 | Found a corrupted altar of Lugonu.
 59215 | Depths:3 | Found a portal to a secret trove of treasure.
 59232 | Depths:3 | You paid a toll of 5 potions of resistance to enter a
                  | treasure trove
 59233 | Trove    | Entered a treasure trove
 59311 | Trove    | Reached XP level 23. HP: 196/196 MP: 47/47
 60106 | Depths:3 | Learned a level 3 spell: Vhi's Electric Charge
 60114 | Depths:3 | Learned a level 7 spell: Enfeeble
 60723 | Depths:4 | Entered Level 4 of the Depths
 60723 | Depths:4 | Noticed a juggernaut
 60723 | Depths:4 | Found a one-way gateway to a ziggurat.
 60967 | Depths:4 | Paralysed by a sphinx for 5 turns
 60972 | Depths:4 | HP: 6/197 [jiangshi[a vampire mage] (7)]
 61251 | Depths:4 | Killed a juggernaut
 61252 | Depths:4 | Reached skill level 20 in Staves
 61798 | Depths:4 | Reached XP level 24. HP: 175/205 MP: 47/47
 61920 | Depths:4 | Found a gate to the Realm of Zot.
 62050 | Depths:4 | Noticed a caustic shrike
 62052 | Depths:4 | Noticed a caustic shrike
 62052 | Depths:4 | Noticed a caustic shrike
 62054 | Depths:4 | Noticed a caustic shrike
 62312 | Depths:4 | Killed a caustic shrike
 62314 | Depths:4 | Killed a caustic shrike
 62320 | Depths:4 | Killed a caustic shrike
 62332 | Depths:4 | Killed a caustic shrike
 63101 | Slime:1  | Entered Level 1 of the Pits of Slime
 63310 | Elf:1    | Entered Level 1 of the Elven Halls
 63315 | Elf:1    | Paralysed by an air elemental for 1 turns
 63471 | Elf:1    | Noticed Asterion
 63488 | Elf:1    | Killed Asterion
 64219 | Elf:1    | Identified the Tome of Blows
 65088 | Elf:2    | Found a runed translucent gate.
 65094 | Elf:2    | Found a runed translucent gate.
 65095 | Elf:2    | Found a runed translucent gate.
 65485 | Elf:2    | Reached skill level 15 in Shapeshifting
 65798 | Elf:3    | Entered Level 3 of the Elven Halls
 65903 | Elf:3    | Paralysed by an air elemental for 1 turns
 66066 | Elf:3    | Identified the +7 whip "Wobrea" {freeze, Will+}
 66175 | Elf:3    | Identified the +0 flail "Cazxudomn" {spect, rElec rPois
                  | Str-3 Dex+4}
 66395 | Elf:3    | Identified the +6 mace "Gufod" {distort, Will+ Str+2}
 66400 | Elf:3    | Reached skill level 21 in Staves
 66457 | Elf:3    | Identified the Handbook of Intoxicating Gloom
 66588 | Elf:3    | Identified the +1 cloak of Privacy {Contam Str+3 Dex+3}
 66594 | Elf:3    | Identified Sif Muna's Incunable of Contaminated Excavation
 66637 | Elf:3    | Identified the Elucidation of Gusts and Evil Words
 66641 | Elf:3    | Identified the +7 tower shield of the Evening Star {Str+2
                  | Int+4}
 66642 | Elf:3    | Identified Osmaf's Lectures on Stormy Sidekicks
 66686 | Elf:3    | Identified the Quarto of Helpful Dislocation
 66691 | Elf:3    | Identified the staff of the Spider Nest {Fly rF+ Fire}
 66739 | Elf:3    | Identified the +6 flail "Toiwn" {distort, *Corrode rPois
                  | rN+++ Str+5}
 66859 | Elf:3    | Identified the +8 plate armour "Tasipt" {-Tele rF+ Int+3
                  | Dex+3}
 66859 | Elf:3    | Identified the amulet of Racsuwun {RegenMP rF+++ rC-}
 66913 | Elf:3    | Reached XP level 25. HP: 206/219 MP: 49/49
 67009 | Elf:3    | Found Uhubri's Magic Scroll Shoppe.
 67027 | Elf:3    | Bought a scroll of enchant armour for 90 gold pieces
 68103 | Slime:2  | Gained mutation: You possess an exceptional clarity of
                  | mind. [a shining eye]
 68551 | Slime:5  | Entered Level 5 of the Pits of Slime
 68558 | Slime:5  | Learned a level 5 spell: Fireball
 69426 | Slime:5  | Paralysed by a formless jellyfish for 1 turns
 69914 | Slime:5  | Noticed the Royal Jelly
 69948 | Slime:5  | Killed the Royal Jelly
 70179 | Slime:5  | Identified the staff "Biepetutz" {rCorr Earth}
 70181 | Slime:5  | Identified the ring of the Tormentor {+Blink SInv}
 70233 | Slime:5  | Got a slimy rune of Zot
 70840 | Crypt:1  | Entered Level 1 of the Crypt
 72158 | Crypt:2  | Found a runed translucent door.
 72158 | Crypt:2  | Found a shimmering altar of Xom.
 72158 | Crypt:2  | Noticed Goociwk's ghost (adept GrFi)
 72158 | Crypt:2  | Identified the +6 dire flail "Wimun" {chaos, rN+}
 72704 | Crypt:2  | Reached skill level 15 in Transmutations
 72824 | Crypt:2  | Killed Goociwk's ghost
 72853 | Crypt:2  | Upgraded the game from 0.31-a0-620-gd1cbd99268 to
                  | 0.31-a0-626-g8143ab4f1d
 72884 | Crypt:3  | Entered Level 3 of the Crypt
 73274 | Crypt:3  | Found an ancient bone altar of Kikubaaqudgha.
 73286 | Crypt:3  | Reached skill level 22 in Staves
 73313 | Crypt:3  | Noticed Bai Suzhen
 73336 | Crypt:3  | Killed Bai Suzhen
 73508 | Crypt:3  | Reached XP level 26. HP: 224/224 MP: 48/48
 73530 | Crypt:3  | Identified the Catalogue of Conjuration
 73530 | Crypt:3  | Identified the +0 leather armour of Beogh's Felicitations
                  | {Harm Rampage rElec Int-5}
 73533 | Crypt:3  | Noticed an ancient lich
 73549 | Crypt:3  | Noticed an ancient lich
 73553 | Crypt:3  | Killed an ancient lich
 73565 | Crypt:3  | Killed an ancient lich
 73857 | Crypt:3  | Identified the Almanac of Mortification
 74230 | Crypt:3  | Identified the +4 scale mail "Juelerum" {rCorr Int+3}
 74437 | Crypt:3  | Found a staircase to the Tomb.
 76061 | Snake:1  | Bought the amulet of Zuorriet {Reflect Will+++ rCorr Dex-3
                  | SH+5} for 707 gold pieces
 76262 | D:11     | Bought a wand of light (5) for 336 gold pieces
 76262 | D:11     | Bought a lightning rod (4/4) for 640 gold pieces
 76262 | D:11     | Bought a phial of floods for 640 gold pieces
 76564 | Vaults:5 | Entered Level 5 of the Vaults
 77281 | Vaults:5 | Reached skill level 15 in Conjurations
 77281 | Vaults:5 | Reached skill level 15 in Hexes
 77281 | Vaults:5 | Reached skill level 15 in Summonings
 77281 | Vaults:5 | Reached skill level 15 in Necromancy
 77281 | Vaults:5 | Reached skill level 15 in Translocations
 77281 | Vaults:5 | Reached skill level 15 in Fire Magic
 77281 | Vaults:5 | Reached skill level 15 in Ice Magic
 77281 | Vaults:5 | Reached skill level 15 in Air Magic
 77281 | Vaults:5 | Reached skill level 15 in Earth Magic
 77281 | Vaults:5 | Reached skill level 15 in Poison Magic
 77499 | Vaults:5 | Identified the +9 sling of Dithmenos's Approval {drain,
                  | Will++}
 77506 | Vaults:5 | Noticed an ancient lich
 77561 | Vaults:5 | Killed an ancient lich
 77955 | Vaults:5 | Identified the +2 lajatang of the Orcish Mines {flame, Fly
                  | Str-2 Dex+3}
 78012 | Vaults:5 | Reached skill level 23 in Staves
 78425 | Vaults:5 | Found Parhat's Antique Weapon Shoppe.
 78434 | Vaults:5 | Bought an iridescent broad axe for 216 gold pieces
 78434 | Vaults:5 | Identified the +2 broad axe of the Hurting Seeker {venom,
                  | Str+3 Int+6} (You bought it in a shop on level 5 of the
                  | Vaults)
 78439 | Vaults:5 | Got a silver rune of Zot
 78973 | Vaults:5 | Reached XP level 27. HP: 228/228 MP: 48/48
 78998 | Vaults:5 | Noticed a dread lich
 79326 | Vaults:5 | Killed a dread lich
 80099 | Vaults:5 | Noticed a dread lich
 80129 | Vaults:5 | Identified the Annotations on Sinister Mysteries and
                  | Weather
 80133 | Vaults:5 | Got the cursed +9 demon blade "Per Aspera Ad Scientiam"
                  | {flame, Fort, Comp}
 80137 | Vaults:5 | Paralysed by a dread lich for 3 turns
 80552 | Vaults:5 | Identified Sif Muna's Omnibus of Impure Feathers
 80553 | Vaults:5 | Identified the staff of Wisdom {Dex+2 Earth}
 80662 | Vaults:5 | Killed a dread lich
 81229 | Zot:1    | Entered Level 1 of the Realm of Zot
 82216 | Zot:1    | Identified the +3 great mace of Vanity {heavy, rN++ Str-5
                  | Dex+5}
 83518 | Zot:2    | Identified the Textbook on the Throng and Despair
 83570 | Zot:2    | Learned a level 2 spell: Wereblood
 83575 | Zot:2    | Learned a level 4 spell: Manifold Assault
 83581 | Zot:2    | Learned a level 5 spell: Freezing Cloud
 83589 | Zot:2    | Learned a level 7 spell: Summon Hydra
 83597 | Zot:2    | Learned a level 7 spell: Ozocubu's Refrigeration
 83744 | Zot:2    | Identified the +1 ring mail of the Stained Wumpus {rC-
                  | Will+ Dex+2}
 83908 | Zot:2    | Found a runed translucent door.
 83909 | Zot:2    | Noticed Juhipt's ghost (veteran MiBe)
 84645 | Zot:3    | Found the +3 pair of seven-league boots {Rampage+∞}
 85257 | Zot:3    | Noticed Parghit
 85302 | Zot:3    | Killed Parghit
 85939 | Zot:4    | Found the +3 pair of gauntlets of War {Slay+5}
 86285 | Zot:4    | Reached skill level 24 in Staves
 87779 | Zot:5    | Entered Level 5 of the Realm of Zot
 87911 | Zot:5    | Noticed an orb of fire
 87913 | Zot:5    | Noticed an orb of fire
 87919 | Zot:5    | Noticed a dread lich
 87924 | Zot:5    | Noticed a dread lich
 87927 | Zot:5    | Noticed an ancient lich
 87929 | Zot:5    | Gained mutation: Your spells are a little easier to cast,
                  | but a little less powerful. [an orb of fire]
 87952 | Zot:5    | Lost mutation: Your spells are a little easier to cast, but
                  | a little less powerful. [an orb of fire]
 87954 | Zot:5    | Killed an orb of fire
 87958 | Zot:5    | Gained mutation: You are weak. (Str -2) [an orb of fire]
 87962 | Zot:5    | Gained mutation: Your spells are a little easier to cast,
                  | but a little less powerful. [an orb of fire]
 87965 | Zot:5    | Killed an orb of fire
 87994 | Zot:4    | Killed from afar by an ancient lich

Illustrated notes

Levels and vault maps discovered:
D:1:      minmay_arrival_cross, layout_loops_corners, serial_shops,
          shop_fountains
D:2:      layout_basic, basic_altar
D:3:      layout_basic, nicolae_yredelemnul_corpse_copse, fiery_altar_vehumet,
          gammafunk_ghost_abyssal_escape, uniq_grinder
D:4:      layout_loops_ring, general_overflow_altar, temple_statues,
          gammafunk_ghost_arena, uniq_edmund, uniq_crazy_yiuf_cottage,
          uniq_eustachio
D:5:      layout_rooms, minmay_misc_feat_columns
D:6:      layout_basic, chequers_temple_overflow_minitemple
D:7:      layout_basic, mainiacjoe_overflow_24_doors,
          biasface_ghost_orc_armoury, serial_glass, glass_columns_a,
          glass_columns_b, minmay_strange_pillars, eino_tiny_chamber,
          uniq_pikel, uniq_menkaure
D:8:      layout_cave_pods, lair_entry_dummy, kennysheep_small_spiral,
          uniq_maurice
D:9:      layout_loops_ring, marbit_many_paths, cheibriados_altar_1,
          enter_bailey_6, hellmonk_ghost_big_iron, uniq_erica, uniq_harold,
          uniq_grum
D:10:     layout_long_grid, mainiacjoe_overflow_alcove_2,
          mainiacjoe_overflow_alcove_1, uniq_joseph
D:11:     layout_stronghold, nicolae_blasting_shop
D:12:     layout_loops_ring, david_orc_5, serial_ice, serial_ice_m,
          serial_ice_f, serial_ice_h, serial_ice_a,
          portal_ice_cave_entry_pillars_2, minivault_10,
          eino_small_chamber_without_monster
D:13:     layout_roguey, minivault_8, uniq_frances
D:14:     layout_layer_cave, david_vaults_4, amcnicky_mini_pool_small,
          doesnt_xom_only_xom
D:15:     grunt_enter_depths_snipers, layout_cave_pools, minmay_misc_feat_tower,
          uniq_kirke
Temple:   bh_familiar_temple
Lair:1:   layout_regular_city, uniq_maggie
Lair:2:   layout_layer_cave, skrybe_swamp_entry_bodies,
          infiniplex_staircase_pool
Lair:3:   layout_chaotic_city, nicolae_snake_entry_squirm
Lair:4:   layout_hall_layers, gauntlet_entry_generic, lemuel_oklob_altar,
          grunt_megastairs_3, uniq_sonja
Lair:5:   hangedman_lair_caniforms_friends, layout_loops_ring, wormcave,
          dpeg_slime_entry_enclosed, minmay_shattered_shrine
Swamp:1:  layout_falls_marsh, nicolae_swamp_trees_clearing,
          infiniplex_staircase_pool_2
Swamp:2:  layout_basic_swamp, nicolae_swamp_dense_foliage, swamp_pool2
Swamp:3:  layout_falls_marsh, evilmike_swamp_ruin_rubble_1
Swamp:4:  swamp, layout_basic_swamp, nicolae_swamp_bloodsuckers_inc
Snake:1:  layout_honeycomb, grunt_megastairs_4, minmay_shop_grove
Snake:2:  hangedman_cross_veins, layout_onion, serial_bayou_shore_b,
          lemuel_fruit_tree
Snake:3:  layout_chambers
Snake:4:  grunt_snake_rune_serpentine_throne, layout_cave_town,
          serial_bayou_crossing, uniq_aizul, uniq_roxanne, uniq_vashnia
Slime:1:  layout_caves, basic_altar, nicolae_slime_phagocytosis
Slime:2:  layout_caves, cheibrodos_slime_lost_civilization_5
Slime:3:  layout_caves
Slime:4:  layout_caves
Slime:5:  slime_pit_nicolae_royal_road_to_ruin
Orc:1:    layout_caves
Orc:2:    st_orc_open, layout_caves, minmay_orc_temple_b, uniq_donald
Elf:1:    nicolae_elf_arrival_aired_out, layout_onion_city,
          minmay_elf_annihilation, uniq_asterion
Elf:2:    nicolae_elf_blades_crystal_corner, layout_geoelf_octagon
Elf:3:    grunt_elf_hall_branching, layout_geoelf_grid, serial_shops, shop
Vaults:1: nicolae_vaults_asterisk, not_door_vault_due,
          nicolae_vaults_surprise_closet, v_pattern_4, layout_vaults_omnigrid,
          uniq_saint_roka
Vaults:2: nicolae_vaults_hexular_roomagon, nicolae_vaults_trapezoid_2,
          nicolae_vaults_ninety_degrees, nicolae_vaults_specimen_jars,
          v_pattern_3, nicolae_vaults_mitosis, nicolae_vaults_gold_heap,
          hangedman_vaults_snaps, v_misc_18, vaults_room_grunt_arrival_ludios,
          nicolae_vaults_apartment_1, nicolae_vaults_trapezoid_1,
          layout_vaults_ring, uniq_margery
Vaults:3: nicolae_vaults_closet_pinwheel_3, nicolae_vaults_asterisk, v_misc_30,
          vaults_room_door_hall, nicolae_vaults_swerve,
          nicolae_vaults_trapezoid_lopsided_3, nicolae_vaults_shrinking_rooms_2,
          nicolae_vaults_closet_pinwheel_2, v_rooms_2, special_room_vaults
          [special_room_orc], vaults_dpeg_encased_lava,
          minmay_crypt_entry_nasty_monster, layout_vaults_maze_bifur,
          serial_shops, shop_scrolls, uniq_jory
Vaults:4: hangedman_vaults_trim, vaults_room_door_hall,
          nicolae_vaults_border_crossing, nicolae_vaults_back_hallway,
          hangedman_vaults_nails, nicolae_vaults_big_ls, ontoclasm_vaults_eye,
          nicolae_vaults_trapezoid_1, nicolae_vaults_apartment_1,
          layout_vaults_big_room, uniq_mara
Vaults:5
Crypt:1:  layout_gridlike, lemuel_upstairs_altar, grunt_crypt_arrival_split
Crypt:2:  layout_misc_corridors, ebering_ghost_xom, moated_statue,
          minmay_misc_feat_alley, minmay_strange_pillars,
          nicolae_crypt_soggy_tomb
Crypt:3:  evilmike_haunted_forest, uniq_bai_suzhen
Depths:1: layout_big_octagon, serial_glass, glass_columns_c, glass_columns_a,
          serial_sigils_hangedman_shear, pan_entry, hell_entry, serial_shops,
          nicolae_shop_window_shopping, evilmike_ambush
          [evilmike_ambush_outer_basic, evilmike_ambush_inner_pond]
Depths:2: minmay_the_grid_triangle_9x9_recursive_3
          [minmay_the_grid_triangle_9x9_thin_v,
          minmay_the_grid_triangle_9x9_impossible_snake,
          minmay_the_grid_triangle_9x9_corrupted_corridor,
          minmay_the_grid_triangle_9x9_prize_schism,
          minmay_the_grid_triangle_9x9_limited_checkers,
          minmay_the_grid_triangle_9x9_flanged_cone,
          minmay_the_grid_triangle_9x9_pentomino_pain,
          minmay_the_grid_triangle_9x9_empty,
          minmay_the_grid_triangle_9x9_empty], layout_long_grid,
          grunt_mini_vestibule, pan_entry, abyss_entry, serial_shops,
          nicolae_shop_tiny_real_fake_doors, makhleb_altar_promises_db
Depths:3: nicolae_hitomezashi [nicolae_hito_row, nicolae_hito_row,
          nicolae_hito_row, nicolae_hito_row, nicolae_hito_row,
          nicolae_hito_row, nicolae_hito_row, nicolae_hito_row,
          nicolae_hito_row, nicolae_hito_row, nicolae_hito_row,
          nicolae_hito_row, nicolae_hito_row, nicolae_hito_row,
          nicolae_hito_row, nicolae_hito_row, nicolae_hito_row,
          nicolae_hito_row], layout_basic, okawaru_ov_weapons_minmay,
          nicolae_trove_entry_free_sample, hell_entry, abyss_entry_flame_altar
Depths:4: evilmike_zot_entry_basic, layout_cave_pools, enter_ziggurat_b,
          hell_entry, nicolae_twisting_strands
Zot:1:    layout_cathedral_of_symmetry, st_stairs_13, grunt_ministairs_1,
          grunt_megastairs_1
Zot:2:    layout_gridlike, ebering_ghost_inner_flame, st_single_dragon_hoard_1
Zot:3:    layout_basic, uniq_parghit
Zot:4:    layout_basic, st_stairs_3, nicolae_lava_and_water
Zot:5:    layout_misc_corridors

Skill      XL: |  1  2  3  4  5  6  7  8  9 10 11 12 13 14 15 16 17 18 19 20 21 22 23 24 25 26 27 |
---------------+----------------------------------------------------------------------------------+-----
Spellcasting   | 5 6 7 8 9 10 11 12 13 14 15 16 17 18 19 | 19.4
Invocations    | 1 2 3 4 5 7 8 9 10 11 12 13 14 15 16 17 18 19 20 | 20.3
Short Blades   | 1 2 3 5 6 7 8 9 10 11 12 13 14 15 16 17 18 | 18.8
Long Blades    | 1 2 3 5 6 7 8 9 10 11 12 13 14 15 16 17 18 | 18.8
Axes           | 1 2 3 5 6 7 8 9 10 11 12 13 14 15 16 17 18 | 18.8
Maces & Flails | 1 2 3 5 6 7 8 9 10 11 12 13 14 15 16 17 18 | 18.8
Polearms       | 1 2 3 5 6 7 8 9 10 11 12 13 14 15 16 17 18 | 18.8
Ranged Weapons | 1 2 3 5 6 7 8 9 10 11 12 13 14 15 16 17 18 | 18.8
Dodging        | 1 2 3 5 6 7 8 9 10 11 12 13 14 15 16 17 18 | 18.8
Shields        | 1 2 3 5 6 7 8 9 10 11 12 13 14 15 16 17 18 | 18.8
Unarmed Combat | 1 2 3 5 6 7 8 9 10 11 12 13 14 15 16 17 18 | 18.8
Evocations     | 1 2 3 5 6 7 8 9 10 11 12 13 14 15 16 17 18 | 18.8
Conjurations   | 1 2 3 4 5 6 7 8 9 10 11 12 13 14 15 16 | 16.0
Hexes          | 1 2 3 4 5 6 7 8 9 10 11 12 13 14 15 16 | 16.0
Summonings     | 1 2 3 4 5 6 7 8 9 10 11 12 13 14 15 16 | 16.0
Necromancy     | 1 2 3 4 5 6 7 8 9 10 11 12 13 14 15 16 | 16.0
Translocations | 1 2 3 4 5 6 7 8 9 10 11 12 13 14 15 16 | 16.0
Fire Magic     | 1 2 3 4 5 6 7 8 9 10 11 12 13 14 15 16 | 16.0
Ice Magic      | 1 2 3 4 5 6 7 8 9 10 11 12 13 14 15 16 | 16.0
Air Magic      | 1 2 3 4 5 6 7 8 9 10 11 12 13 14 15 16 | 16.0
Earth Magic    | 1 2 3 4 5 6 7 8 9 10 11 12 13 14 15 16 | 16.0
Poison Magic   | 1 2 3 4 5 6 7 8 9 10 11 12 13 14 15 16 | 16.0
Shapeshifting  | 1 2 3 4 5 6 7 8 9 10 11 12 13 14 15 16 17 | 17.4
Staves         | 3 4 5 7 8 9 10 12 13 14 15 16 18 19 20 21 22 23 24 | 24.3
Throwing       | 3 4 5 7 8 9 10 11 12 13 14 15 16 17 18 19 | 19.0
Armour         | 3 4 5 7 8 9 10 11 12 13 14 15 16 17 18 19 | 19.0
Transmutations | 4 5 6 7 8 9 10 11 12 13 14 15 16 | 16.4
Fighting       | 5 6 8 9 10 11 12 13 14 15 16 17 18 19 | 19.3
Stealth        | 3 4 5 7 8 9 10 11 12 13 14 15 16 17 18 | 18.9

Action                     |  1- 3 |  4- 6 |  7- 9 | 10-12 | 13-15 | 16-18 | 19-21 | 22-24 | 25-27 || total
---------------------------+-------+-------+-------+-------+-------+-------+-------+-------+-------++-------
  Melee: Quarterstaff      |    50 |       |       |       |       |       |       |       |       ||    50
         Bite              |     4 |     9 |    33 |    58 |   142 |   245 |   372 |   309 |   622 ||  1794
         Dagger            |    27 |   103 |    22 |       |       |       |       |       |       ||   152
         Punch             |       |     1 |    10 |    17 |    82 |       |       |       |       ||   110
         Spear             |       |       |   221 |   174 |       |       |       |       |       ||   395
         Scimitar          |       |       |       |   220 |   864 |  1465 |  1891 |  1344 |    62 ||  5846
         Demon blade       |       |       |       |       |       |       |       |       |  2694 ||  2694
   Cast: Sting             |    45 |    30 |     7 |       |       |       |       |       |       ||    82
         Frozen Ramparts   |       |     4 |     7 |    13 |    14 |     2 |     1 |     2 |     1 ||    44
         Tukima's Dance    |       |       |       |     2 |       |       |     6 |       |       ||     8
         Olgreb's Toxic Ra |       |       |       |       |    22 |     1 |     1 |     3 |       ||    27
         Summon Lightning  |       |       |       |       |       |     3 |     2 |     2 |     3 ||    10
         Ozocubu's Armour  |       |       |       |       |       |     1 |     1 |       |     3 ||     5
         Yara's Violent Un |       |       |       |       |       |       |     5 |     9 |     6 ||    20
         Vhi's Electric Ch |       |       |       |       |       |       |       |     5 |     7 ||    12
         Borgnjor's Vile C |       |       |       |       |       |       |       |    15 |     5 ||    20
         Fireball          |       |       |       |       |       |       |       |       |     7 ||     7
         Enfeeble          |       |       |       |       |       |       |       |       |     4 ||     4
         Manifold Assault  |       |       |       |       |       |       |       |       |    24 ||    24
         Ozocubu's Refrige |       |       |       |       |       |       |       |       |     9 ||     9
         Wereblood         |       |       |       |       |       |       |       |       |     8 ||     8
         Summon Hydra      |       |       |       |       |       |       |       |       |     7 ||     7
 Invoke: Curse Item        |       |       |     1 |     4 |     4 |     1 |     1 |     1 |     6 ||    18
         Shatter the Chain |       |       |       |       |       |       |     1 |     1 |     7 ||     9
  Evoke: Wand              |       |       |       |    15 |     3 |    19 |    51 |     4 |    18 ||   110
         Lightning rod     |       |       |       |       |       |       |       |       |     1 ||     1
    Use: Potion            |     1 |     5 |       |     4 |     2 |    11 |     3 |     1 |    18 ||    45
         Scroll            |       |     9 |     4 |     3 |     2 |    14 |     7 |     9 |    21 ||    69
   Stab: Sleeping          |     7 |     2 |    10 |    15 |    33 |    35 |    30 |    24 |    53 ||   209
         Distracted        |       |       |       |     3 |     6 |    10 |    10 |     8 |    10 ||    47
         Held in net/web   |       |       |       |       |       |     1 |     1 |       |       ||     2
         Confused          |       |       |       |       |       |     1 |       |       |     5 ||     6
         Paralysed         |       |       |       |       |       |       |     6 |       |     6 ||    12
         Invisible         |       |       |       |       |       |       |     1 |       |     9 ||    10
 Armour: Robe              |    28 |    30 |    37 |    42 |     5 |       |       |       |       ||   142
         Ring mail         |       |       |       |       |   236 |   245 |   347 |   257 |   185 ||  1270
         Troll leather arm |       |       |       |       |     2 |       |       |       |       ||     2
         Skin              |       |       |       |       |     2 |       |       |       |       ||     2
         Ice dragon scales |       |       |       |       |       |       |       |       |   329 ||   329
  Dodge: Dodged            |    56 |    79 |   125 |   278 |   796 |   802 |   996 |   786 |  1368 ||  5286
  Block: Other             |       |    11 |    39 |    75 |   177 |       |       |       |       ||   302
         Reflection        |       |       |     1 |     5 |       |   191 |    51 |       |       ||   248
         Orb               |       |       |       |       |    12 |    61 |       |       |       ||    73
         Kite shield       |       |       |       |       |       |  1378 |  1976 |  1243 |   690 ||  5287
         Tower shield      |       |       |       |       |       |       |       |       |  2321 ||  2321

Table legend: (Time is in decaauts)
 A = Elapsed time spent in this place.
 B = Non-inter-level travel time spent in this place.
 C = Inter-level travel time spent in this place.
 D = Time resting spent in this place.
 E = Time spent auto-exploring this place.
 F = Levels seen in this place.
 G = Mean time per level.
                   A        B        C        D        E       F      G
               +--------+--------+--------+--------+--------+-----+--------+
         Total |  86307 |  79824 |   6483 |  13705 |  47372 |  61 | 1414.9 |
       Dungeon |  20754 |  18271 |   2483 |   1314 |  13669 |  15 | 1383.6 |
        Temple |     21 |      2 |     19 |      0 |      0 |   1 |   21.0 |
          Lair |   9442 |   8400 |   1042 |   1012 |   5863 |   5 | 1888.4 |
         Swamp |   4715 |   4563 |    152 |   1129 |   2217 |   4 | 1178.8 |
     Snake Pit |   9690 |   9257 |    433 |   2031 |   5224 |   4 | 2422.5 |
    Slime Pits |   1711 |   1510 |    201 |    285 |    240 |   5 |  342.2 |
  Orcish Mines |   1540 |   1424 |    116 |    156 |    876 |   2 |  770.0 |
   Elven Halls |   4342 |   3962 |    380 |    306 |   2480 |   3 | 1447.3 |
        Vaults |  13200 |  12265 |    935 |   3308 |   6196 |   5 | 2640.0 |
         Crypt |   4530 |   4342 |    188 |    398 |   2697 |   3 | 1510.0 |
        Depths |   7878 |   7461 |    417 |   1917 |   3603 |   4 | 1969.5 |
           Zot |   6408 |   6297 |    111 |   1149 |   4000 |   5 | 1281.6 |
         Abyss |     25 |     25 |      0 |      0 |      0 |   1 |   25.0 |
         Trove |     97 |     97 |      0 |      0 |      0 |   1 |   97.0 |
        Bailey |    742 |    742 |      0 |    212 |     59 |   1 |  742.0 |
      Ice Cave |    630 |    630 |      0 |    412 |      0 |   1 |  630.0 |
      Gauntlet |    575 |    575 |      0 |     74 |    247 |   1 |  575.0 |
               +--------+--------+--------+--------+--------+-----+--------+

Top non-repeatable levels by time:
Vaults:5: 3174 daAuts
 Snake:3: 3025 daAuts
  Lair:5: 2866 daAuts
Vaults:4: 2774 daAuts
 Crypt:3: 2537 daAuts
Vaults:3: 2520 daAuts
Vaults:2: 2519 daAuts
 Snake:4: 2492 daAuts
  Lair:2: 2472 daAuts
 Snake:2: 2358 daAuts
Depths:3: 2279 daAuts
    D:14: 2214 daAuts
Vaults:1: 2211 daAuts
Depths:2: 2145 daAuts
   Zot:4: 2083 daAuts
